 Dungeon Crawl Stone Soup version 0.32-a0-899-geb5ba95 (webtiles) character file.

Game seed: 3980790485768773821

91 PublicAnimeNo1 the Slasher (level 4, -1/34 HPs)
             Began as a Coglin Gladiator on Apr 4, 2024.
             Was a Follower of Yredelemnul.
             Slain by Crazy Yiuf
             ... wielding a +3 quarterstaff of chaos
              (14 damage)
             ... on level 2 of the Dungeon.
             The game lasted 00:03:37 (1788 turns).

PublicAnimeNo1 the Slasher (Coglin Gladiator)       Turns: 1788, Time: 00:03:38

Health: -1/34      AC:  4    Str: 14    XL:     4   Next: 57%
Magic:  4/4        EV: 12    Int:  8    God:    Yredelemnul [*.....]
Gold:   107        SH:  0    Dex: 17    Spells: 3/3 levels left

rFire   . . .        a - +0 long sword {Diego}
rCold   . . .        f - +0 dagger {Dalbir}
rNeg    . . .        b - +0 leather armour
rPois   .            c - +0 helmet
rElec   .            (no cloak)
rCorr   .            (no gloves)
SInv    .            (no boots)
Will    .....        (amulet unavailable)
Stlth   +            (ring unavailable)
HPRegen 0.25/turn    (ring unavailable)
MPRegen 0.09/turn    (no gizmo)

%: no passive effects
@: lethally poisoned (-1 -> -4), wreathed by umbra, revving
A: off-hand wielding, slow wielding, warmup strikes, no jewellery
a: Invent Gizmo, Renounce Religion, Light the Black Torch, Recall Undead Harvest


You were on level 2 of the Dungeon.
You worshipped Yredelemnul.
Yredelemnul was noncommittal.
You visited 1 branch of the dungeon, and saw 2 of its levels.

You collected 107 gold pieces.

Inventory:

Hand Weapons
 a - a +0 long sword (weapon) {Diego}
 f - a +0 dagger (offhand) {Dalbir}
Missiles
 d - 3 throwing nets (quivered)
 e - a javelin
Armour
 b - a +0 leather armour (worn)
 c - a +0 helmet (worn)
Scrolls
 g - a scroll of fog {unknown}
 i - a scroll of teleportation {unknown}
 o - a scroll of identify {unknown}
Potions
 h - 2 potions of curing {unknown}
 j - a potion of attraction {unknown}
 k - 2 potions of heal wounds {unknown}
 l - a potion of magic {unknown}
 m - a potion of lignification {unknown}
 n - a potion of haste {unknown}


   Skills:
 + Level 2.8 Fighting
 * Level 4.2 Long Blades
 - Level 1.7 Throwing
 + Level 3.2 Dodging


You had 3 spell levels left.
You didn't know any spells.
Your spell library was empty.

Dungeon Overview and Level Annotations

Branches:
Dungeon (2/15)

Altars:
Yredelemnul

Annotations:
D:2 Crazy Yiuf


Innate Abilities, Weirdness & Mutations

You can wield a second weapon in your off-hand.
It takes a long time for you to wield or remove held weapons.
Your first few attacks do less damage.
You cannot equip rings or amulets.


Message History

You swap places.
Your adder zombie bites Crazy Yiuf but does no damage.
Your adder zombie bites Crazy Yiuf.
Crazy Yiuf cries, "You leg down broken song, no?"
Crazy Yiuf zaps a wand.
The puff of flame misses your adder zombie.
Your adder zombie bites Crazy Yiuf but does no damage.
Crazy Yiuf closely misses your adder zombie.
Your adder zombie barely misses Crazy Yiuf.
Crazy Yiuf hits your adder zombie with a +3 quarterstaff of chaos!
Your adder zombie looks weaker.
Your adder zombie barely misses Crazy Yiuf.
Crazy Yiuf hits your adder zombie with a +3 quarterstaff of chaos!
Crazy Yiuf burns your adder zombie.
Your adder zombie is destroyed!
Crazy Yiuf hits your ribbon worm zombie with a +3 quarterstaff of chaos!!
Crazy Yiuf burns your ribbon worm zombie.
Crazy Yiuf hits your ribbon worm zombie with a +3 quarterstaff of chaos!
Crazy Yiuf burns your ribbon worm zombie.
Your ribbon worm zombie is destroyed!
You aren't carrying any items that you can evoke.
You barely miss Crazy Yiuf with your +0 long sword.
Crazy Yiuf is lightly wounded.
You hit Crazy Yiuf with your +0 dagger.
Crazy Yiuf zaps a wand.
The puff of flame misses you.
You closely miss Crazy Yiuf with your +0 dagger.
Crazy Yiuf is lightly wounded.
You closely miss Crazy Yiuf with your +0 long sword.
Crazy Yiuf hits you with a +3 quarterstaff of chaos!
You slash Crazy Yiuf with your +0 long sword!
Crazy Yiuf is heavily wounded.
You hit Crazy Yiuf but do no damage.
Crazy Yiuf hits you with a +3 quarterstaff of chaos.
You are poisoned.
You hit Crazy Yiuf with your +0 long sword.
Crazy Yiuf is heavily wounded.
You hit Crazy Yiuf but do no damage.
You feel sick.
Crazy Yiuf hits you with a +3 quarterstaff of chaos!
You die...
Your body rises from the dead as a mindless zombie.

#.....##P.Z♣♣##.##.##......♣PZ.#
####÷###♣.♣♣ #.##.##.....P♣PZ..
#......#####.....#.P...P♣PZ.#
#.........##.##....P..P♣P...#
#.........#...#.###...♣.Z.###
#......####....## ##..ZZ.##
#####..# ##..## #.##### ## #..#
#....# #..ZZ.# #. #..# ##@..#
#####Z###. #..# ##g## #Z.##♣
#..# ##.# ##..♣. #### #.## #♣♣♣♣
##.# ♣♣♣Z #.## ♣♣..P #g# ♣....
... ♣..♣. #...# ♣.PP.


You could see Crazy Yiuf.

Vanquished Creatures
  3 adders (D:2)
  5 dart slugs
  A ribbon worm (D:2)
  5 ball pythons
  7 bats
  3 endoplasms
  3 giant cockroaches
  3 goblins (D:1)
  6 hobgoblins
  4 jackals (D:2)
  A frilled lizard (D:1)
  3 kobolds
  A rat (D:1)
45 creatures vanquished.

Vanquished Creatures (collateral kills)
  A frilled lizard (D:2)
1 creature vanquished.

Vanquished Creatures (others)
  A ribbon worm zombie (D:2)
  An adder zombie (D:2)
  2 bat zombies (D:2)
  A ball python zombie (D:2)
  A dart slug zombie (D:2)
  An endoplasm zombie (D:2)
7 creatures vanquished.

Grand Total: 53 creatures vanquished

Notes
Turn   | Place    | Note
-------+----------+-------------------------------------------
     0 | D:1      | PublicAnimeNo1 the Coglin Gladiator began the quest for the
                  | Orb.
     0 | D:1      | Reached XP level 1. HP: 16/16 MP: 1/1
   117 | D:1      | Reached XP level 2. HP: 21/22 MP: 2/2
   272 | D:1      | Reached XP level 3. HP: 27/28 MP: 3/3
   638 | D:2      | Found a faded altar of an unknown god.
   659 | D:2      | Prayed at the altar of an unknown god.
   659 | D:2      | Became a worshipper of Yredelemnul the Fallen
   659 | D:2      | Reached * piety under Yredelemnul
  1166 | D:2      | Reached skill level 4 in Long Blades
  1166 | D:2      | Reached XP level 4. HP: 34/34 MP: 4/4
  1268 | D:2      | Found a runed translucent door.
  1269 | D:2      | Noticed Crazy Yiuf
  1788 | D:2      | Slain by Crazy Yiuf

Illustrated notes

Levels and vault maps discovered:
D:1:      matt_arrival_spirals, layout_rooms
D:2:      layout_basic, shapermc_ecumenical_altar_totnotflames, serial_forest,
          infiniplex_forest_clump_double, infiniplex_forest_clump_double,
          infiniplex_forest_clump_C, infiniplex_forest_straight_5,
          infiniplex_forest_lined_room_, infiniplex_forest_lined_room_3,
          infiniplex_forest_corner_1, infiniplex_forest_lined_room_2,
          infiniplex_forest_end_1, infiniplex_forest_end_3,
          uniq_crazy_yiuf_cottage

Skill      XL: |  1  2  3 |
---------------+----------+-----
Dodging        | 3 |  3.2
Long Blades    | 4 |  4.2
Fighting       | |  2.8
Throwing       | |  1.7

Action                     |  1- 3 |  4- 6 || total
---------------------------+-------+-------++-------
  Melee: Dagger            |    57 |    28 ||    85
         Long sword        |    62 |    26 ||    88
 Invoke: Light the Black T |     1 |       ||     1
    Use: Scroll            |     1 |       ||     1
   Stab: Sleeping          |     1 |       ||     1
         Distracted        |       |     1 ||     1
 Armour: Leather armour    |    36 |    20 ||    56
  Dodge: Dodged            |    36 |    27 ||    63

Table legend: (Time is in decaauts)
 A = Elapsed time spent in this place.
 B = Non-inter-level travel time spent in this place.
 C = Inter-level travel time spent in this place.
 D = Time resting spent in this place.
 E = Time spent auto-exploring this place.
 F = Levels seen in this place.
 G = Mean time per level.
                   A        B        C        D        E       F      G
               +--------+--------+--------+--------+--------+-----+--------+
         Total |   1794 |   1758 |     36 |    111 |   1292 |   2 |  897.0 |
       Dungeon |   1794 |   1758 |     36 |    111 |   1292 |   2 |  897.0 |
               +--------+--------+--------+--------+--------+-----+--------+

Top non-repeatable levels by time:
     D:2: 1173 daAuts
     D:1: 620 daAuts
